AoeStats
← derryjordanweaver

Golden Pit

509993555Analyzed
1v1 RM · 5d ago on Sep 29, 2026· 71m 49s· 2 players
Game mode
Random Map
Map size
Tiny (2 player)
Population
200
Speed
Normal
Resources
Standard
Victory
Conquest
Starting age
Dark Age
Ending age
Imperial Age
RankedLock teamsTeams togetherTeam positionsShared explorationLock speedFull tech treeHidden civsTurbo modeCheats
Victory
Defeat
🇺🇸 Franks · United States
616
+14
🇲🇽 Chinese · Mexico
569
-14
LUHMO88
12:01 Feudal Age
13:21 Wheelbarrow
12:32 Loom
12:36 Double-Bit Axe
12:34 Horse Collar
13:34 Man-at-Arms
14:19 Stone Mining
14:18 Town Watch
16:13 Gold Mining
16:46 Forging
19:42 Arson
25:17 Castle Age
26:30 Husbandry
26:40 Bloodlines
25:51 Light Cavalry
29:20 Stone Shaft Mining
31:31 Bow Saw
32:25 Scale Barding Armor
34:23 Heavy Plow
35:45 Iron Casting
36:32 Hand Cart
37:08 Chain Barding Armor
37:45 Town Patrol
38:21 Crossbowman
38:55 Fletching
39:05 Padded Archer Armor
39:44 Masonry
45:08 Imperial Age
44:16 Gold Shaft Mining
44:21 Bodkin Arrow
44:28 Scale Mail Armor
47:29 Conscription
48:17 Chemistry
47:03 Arrowslits
47:39 Ballistics
47:10 Heated Shot
47:50 Architecture
47:14 Capped Ram
47:23 Capped Ram
48:37 Cavalier
49:31 Siege Ram
53:10 Thumb Ring
52:53 Elite Chu Ko Nu
56:43 Murder Holes
58:15 Plate Barding Armor
58:41 Blast Furnace
derryjordanweaver
0:43 Loom
10:19 Feudal Age
10:51 Double-Bit Axe
11:02 Gold Mining
13:34 Stone Mining
15:25 Wheelbarrow
16:59 Forging
18:41 Scale Barding Armor
25:26 Castle Age
23:12 Town Watch
26:26 Bow Saw
26:57 Gold Shaft Mining
26:53 Hand Cart
26:38 Town Patrol
27:50 Husbandry
29:19 Iron Casting
30:31 Chain Barding Armor
35:57 Fervor
36:03 Pikeman
36:44 Squires
36:29 Gambesons
36:47 Scale Mail Armor
40:39 Imperial Age
38:18 Murder Holes
38:04 Treadmill Crane
38:38 Fortified Wall
39:14 Chain Mail Armor
39:00 Padded Archer Armor
38:50 Fletching
38:49 Arson
38:45 Light Cavalry
42:49 Blast Furnace
43:03 Chemistry
43:18 Ordonnance Companies
44:18 Halberdier
46:06 Cavalier
47:23 Plate Barding Armor
48:16 Hoardings
48:19 Leather Archer Armor
48:00 Bodkin Arrow
48:19 Siege Engineers
48:00 Arrowslits
50:17 Herbal Medicine
51:01 Conscription
51:17 Plate Mail Armor
52:16 Paladin
54:25 Heavy Mounted Crossbowman
56:36 Cranequins
57:41 Ballistics
57:24 Chivalry
60:04 Elite Throwing Axeman
62:01 Masonry
Connection lost

Rejoining the realm…

Still unreachable

The connection could not be restored.

Session expired

The server has moved on; the page needs a fresh start.